Map: Terraform LE (Void)

Players

Beastyqt - Winner!

  • Race: Terran Terran
  • League: Diamond

BIGBOY (Patience)

  • Race: Protoss Protoss
  • League: Master

Event: ASL Season 5 Prime League LOTV Beta

VOD

Have the link to the VOD?

Description

Time

  • Played on: Sept. 16, 2015, 8:56 p.m.
  • Length: 17:09

All games in this series

Show
View Real Time Build Order
Export as new Build Order

Beastyqt Terran - Winner!

Build Orders: MMM Bio 

Get SALT Encoding   

  12  0:01  SCV  
  13  0:13  SCV  
  14  0:18  Supply Depot  
  14  0:25  SCV  
  15  0:40  SCV, Barracks  
  16  0:47  Refinery  
  16  0:52  SCV  
  17  1:04  SCV  
  18  1:16  SCV  
  19  1:29  Barracks Tech Lab  
  19  1:30  Orbital Command  
  19  1:47  Command Center  
  19  1:51  Marauder  
  21  1:56  SCV  
  22  2:03  Supply Depot  
  22  2:06  Concussive Shells  
  22  2:08  SCV  
  23  2:22  Barracks  
  23  2:24  SCV  
  23  2:28  Marauder  
  26  2:36  SCV  
  27  2:49  SCV  
  27  2:50  Stimpack  
  28  2:54  Marauder  
  30  3:00  Orbital Command  
  30  3:02  SCV  
  31  3:10  Barracks Reactor  
  30  3:17  SCV  
  31  3:24  Command Center  
  31  3:25  SCV  
  32  3:29  SCV  
  32  3:31  Marine  
  33  3:38  SCV  
  33  3:41  SCV  
  33  3:48  Factory, Refinery  
  34  3:50  SCV  
  34  3:51  Marine  
  34  3:53  SCV  
  37  3:55  Marine x2  
  37  4:02  SCV  
  40  4:05  Supply Depot  
  40  4:08  Engineering Bay, Marine  
  41  4:12  SCV  
  41  4:13  Marine x2  
  41  4:15  SCV  
  45  4:20  Refinery  
  45  4:24  SCV  
  45  4:27  SCV  
  45  4:30  Marine  
  45  4:31  Marine  
  48  4:32  Marauder  
  48  4:33  Factory Reactor  
  48  4:36  Orbital Command  
  51  4:39  SCV  
  51  4:40  SCV  
  51  4:44  Starport  
  53  4:49  Marine x2  
  53  4:51  SCV  
  56  4:54  Terran Infantry Weapons Level 1  
  56  4:55  SCV  
  56  4:57  Marine  
  58  5:03  Combat Shields  
  58  5:04  SCV x2  
  60  5:08  Supply Depot  
  60  5:09  Marine  
  60  5:11  Marine  
  60  5:12  SCV  
  63  5:16  SCV  
  64  5:22  Marauder  
  64  5:23  Factory Reactor  
  64  5:25  Supply Depot  
  67  5:28  SCV  
  67  5:31  Marine x2  
  67  5:33  Medivac  
  67  5:34  SCV  
  67  5:35  Medivac  
  74  5:37  Supply Depot  
  74  5:40  SCV  
  74  5:43  Marauder  
  74  5:46  SCV, Orbital Command  
  74  5:49  Supply Depot  
  77  5:51  Marine x2  
  77  5:53  SCV  
  80  5:57  Refinery  
  80  5:58  SCV  
  80  5:59  Widow Mine x2  
  80  6:00  Missile Turret  
  85  6:05  SCV, Marauder  
  85  6:09  Bunker  
  85  6:10  SCV  
  89  6:16  Barracks x2  
  89  6:17  Barracks  
  89  6:18  SCV x2  
  91  6:22  Marine  
  92  6:26  Marauder  
  92  6:28  SCV  
  93  6:34  SCV x2  
  93  6:37  Supply Depot x2  
  95  6:40  Widow Mine x2  
  95  6:41  Marine  
  95  6:43  Marine  
  99  6:47  Marauder  
  99  6:48  Terran Infantry Armor Level 1  
  101  6:57  Medivac  
  101  6:58  Medivac  
  94  7:08  Marine x2  
  94  7:09  Marauder  
  94  7:10  Marine x3  
  94  7:14  Widow Mine x2  
  103  7:15  Bunker  
  103  7:18  SCV  
  103  7:22  SCV x2  
  106  7:26  Marine x2  
  106  7:27  Supply Depot x2  
  106  7:28  Supply Depot  
  107  7:30  Armory  
  107  7:31  Liberator  
  107  7:32  Liberator  
  104  7:44  Supply Depot x2  
  104  7:48  Marine  
  104  7:49  Marauder  
  104  7:50  Bunker  
  110  8:01  Marine  
  110  8:02  Marine  
  110  8:05  Marine  
  109  8:10  Marine  
  109  8:11  Marauder  
  112  8:14  Liberator x2  
  112  8:16  Supply Depot  
  111  8:27  Marine  
  111  8:30  Orbital Command  
  111  8:32  Marauder  
  111  8:33  Engineering Bay  
  120  8:34  Missile Turret  
  120  8:38  SCV x2  
  120  8:39  Marine x2  
  124  8:45  Terran Infantry Weapons Level 2  
  124  8:46  Supply Depot  
  119  8:53  Marauder, Marine x3  
  124  8:55  SCV  
  124  8:56  SCV  
  124  8:57  Marine, Liberator x2  
  123  9:13  Marine  
  123  9:14  Marine  
  123  9:15  Marauder  
  131  9:18  Terran Infantry Armor Level 2  
  122  9:32  SCV x2  
  124  9:38  Missile Turret  
  124  9:39  Liberator  
  124  9:42  Barracks Tech Lab x2  
  124  9:43  Barracks Tech Lab  
  124  9:47  Missile Turret  
  124  9:53  Marauder, Marine  
  124  9:57  SCV x2  
  124  9:58  Supply Depot x2  
  130  10:00  Supply Depot  
  130  10:03  Sensor Tower  
  130  10:05  Missile Turret  
  129  10:12  SCV  
  129  10:13  Orbital Command  
  130  10:16  Bunker  
  130  10:17  Terran Ship Weapons Level 1  
  130  10:19  Ghost Academy  
  130  10:21  Starport, Marauder x2  
  133  10:25  Missile Turret  
  133  10:26  Marine x2  
  135  10:35  SCV x2  
  137  10:43  Liberator  
  137  10:44  Refinery  
  137  10:45  Refinery  
  137  10:47  SCV  
  138  10:51  Liberator  
  138  10:52  Liberator  
  137  10:57  Command Center  
  140  11:11  Supply Depot  
  146  11:13  Liberator  
  146  11:19  Supply Depot x2  
  146  11:26  Liberator  
  146  11:30  Marine  
  146  11:31  Marauder, Marine  
  146  11:32  Personal Cloaking  
  153  11:38  Factory Reactor, Marine x2  
  153  11:39  Marauder  
  160  11:48  Marine x2  
  162  11:54  Barracks  
  162  11:55  Factory, Barracks  
  162  11:57  Liberator  
  158  12:11  Liberator  
  158  12:14  Marine  
  158  12:15  Marauder x2  
  166  12:17  Terran Infantry Weapons Level 3, Terran Infantry Armor Level 3  
  166  12:18  Liberator  
  164  12:29  Marine x3  
  170  12:32  Marine  
  173  12:38  Marine  
  165  12:52  Marine x2  
  165  12:55  Widow Mine x2  
  160  13:06  Marine  
  160  13:09  Marine x2  
  160  13:10  Widow Mine, Marine x2  
  160  13:11  Marine  
  148  13:24  Widow Mine, Marine  
  148  13:26  Marine  
  136  13:39  Marine  
  122  13:45  Marine  
  122  13:46  Medivac  
  107  13:49  Marine  
  100  13:57  Marine  
  100  13:59  Orbital Command  
  100  14:00  Marine  
  101  14:22  Medivac  
  101  14:23  Marine  
  104  14:26  SCV  
  105  14:42  SCV  
  107  14:48  Orbital Command  
  105  14:58  SCV x2  
  107  15:12  SCV x2  
  109  15:15  Marine  
  108  15:22  Marine  
  106  15:33  Marine x2  
  108  15:36  Marine  
  109  15:48  Medivac  
  110  15:52  SCV  
  110  15:57  Marine  
  111  15:58  SCV  
  113  16:10  Medivac  
  115  16:15  SCV x2  
  115  16:16  SCV  
  100  16:34  Medivac x2  
  100  16:35  Marine x2  
Show
View Real Time Build Order
Export as new Build Order

BIGBOY Protoss 

Build Orders: Blink Stalkers 

Get SALT Encoding   

  12  0:00  Probe (Chrono Boost)  
  13  0:13  Pylon  
  13  0:17  Probe (Chrono Boost)  
  14  0:27  Probe (Chrono Boost)  
  15  0:34  Gateway  
  15  0:37  Probe (Chrono Boost)  
  16  0:44  Assimilator  
  16  0:47  Probe (Chrono Boost)  
  17  0:57  Probe (Chrono Boost)  
  18  1:08  Probe (Chrono Boost)  
  19  1:18  Probe (Chrono Boost)  
  20  1:19  Pylon  
  20  1:24  Cybernetics Core  
  20  1:28  Probe (Chrono Boost)  
  21  1:38  Probe (Chrono Boost)  
  22  1:48  Nexus  
  22  1:49  Probe (Chrono Boost)  
  23  1:56  Assimilator  
  23  2:00  Probe (Chrono Boost)  
  24  2:03  Adept (Chrono Boost)  
  24  2:07  Warp Gate  
  26  2:11  Probe (Chrono Boost)  
  27  2:23  Mothership Core (Chrono Boost)  
  27  2:27  Pylon  
  29  2:40  Probe (Chrono Boost)  
  30  2:49  Twilight Council  
  30  2:50  Forge  
  30  2:51  Probe (Chrono Boost)  
  31  3:01  Probe (Chrono Boost)  
  32  3:07  Probe (Chrono Boost)  
  33  3:13  Probe (Chrono Boost)  
  33  3:18  Probe (Chrono Boost)  
  35  3:21  Protoss Ground Weapons Level 1  
  35  3:23  Gateway x2  
  35  3:27  Probe (Chrono Boost)  
  35  3:28  Probe (Chrono Boost)  
  35  3:31  Blink (Chrono Boost)  
  37  3:37  Probe (Chrono Boost)  
  38  3:44  Probe (Chrono Boost)  
  38  3:47  Probe (Chrono Boost)  
  38  3:49  Robotics Facility  
  38  3:54  Probe (Chrono Boost)  
  39  3:56  Pylon  
  39  3:57  Probe (Chrono Boost)  
  40  4:03  Pylon  
  40  4:05  Probe (Chrono Boost)  
  40  4:07  Probe (Chrono Boost)  
  42  4:14  Sentry  
  42  4:15  Probe (Chrono Boost)  
  45  4:18  Gateway  
  45  4:20  Probe (Chrono Boost), Gateway  
  46  4:25  Gateway  
  46  4:30  Assimilator  
  46  4:31  Probe, Assimilator  
  47  4:32  Probe  
  48  4:39  Sentry x2, Pylon  
  48  4:45  Probe x2  
  54  4:51  Observer (Chrono Boost)  
  55  4:57  Probe x2  
  55  4:58  Pylon  
  57  5:02  Pylon  
  57  5:09  Pylon  
  57  5:12  Warp Prism (Chrono Boost)  
  59  5:15  Pylon  
  59  5:19  Protoss Ground Weapons Level 2  
  59  5:20  Nexus  
  59  5:24  Pylon  
  59  5:26  Adept  
  61  5:30  Probe x2  
  63  5:49  Adept x3  
  69  5:50  Adept  
  69  5:54  Adept  
  73  5:59  Adept  
  75  6:06  Probe x2  
  77  6:16  Stalker  
  77  6:17  Stalker x3  
  85  6:18  Stalker  
  85  6:20  Shield Upgrade (Chrono Boost)  
  85  6:23  Stalker  
  89  6:42  Probe  
  89  6:44  Probe x2  
  93  6:47  Observer  
  93  6:51  Robotics Bay  
  93  6:53  Pylon  
  93  7:07  Stalker x6  
  103  7:12  Probe x2  
  105  7:19  Charge (Chrono Boost)  
  105  7:30  Adept  
  105  7:31  Adept x3  
  105  7:32  Adept  
  105  7:33  Adept  
  117  7:39  Probe  
  117  7:40  Probe x2  
  117  7:42  Disruptor (Chrono Boost)  
  123  7:49  Pylon  
  123  7:54  Pylon  
  123  7:56  Assimilator  
  123  7:58  Assimilator  
  123  8:01  Probe x2  
  123  8:03  Zealot  
  124  8:09  Protoss Ground Armor Level 1  
  120  8:13  Probe x2, Disruptor (Chrono Boost)  
  120  8:14  Adept x3  
  120  8:15  Adept  
  120  8:17  Gateway  
  120  8:18  Gateway  
  132  8:20  Mothership Core, Gateway  
  132  8:22  Gateway  
  132  8:23  Pylon  
  134  8:33  Photon Cannon  
  134  8:36  Sentry, Pylon  
  122  8:48  Photon Cannon  
  122  8:50  Stalker x2  
  125  9:01  Probe x2  
  126  9:06  Warp Prism (Chrono Boost)  
  123  9:16  Probe  
  124  9:18  Stalker  
  124  9:19  Stalker x2  
  126  9:37  Probe  
  126  9:38  Probe  
  124  9:39  Disruptor (Chrono Boost)  
  124  9:42  Gravitic Drive  
  124  9:44  Probe  
  127  9:48  Photon Cannon  
  127  9:49  Probe  
  127  9:50  Probe  
  130  9:55  Probe, Pylon  
  130  9:56  Pylon  
  130  9:58  Templar Archives  
  131  10:00  Adept  
  133  10:09  Disruptor (Chrono Boost)  
  133  10:10  Pylon  
  134  10:18  Adept  
  134  10:19  Adept x5  
  134  10:20  Adept  
  148  10:23  Adept  
  148  10:24  Adept  
  152  10:33  Photon Cannon  
  152  10:44  Stalker x5  
  157  11:09  Stargate  
  157  11:10  Stargate  
  157  11:13  Nexus  
  157  11:14  Protoss Ground Armor Level 2  
  157  11:25  Stargate  
  157  11:28  Stargate  
  157  11:34  Disruptor (Chrono Boost)  
  158  12:04  Disruptor (Chrono Boost)  
  158  12:06  Adept x2  
  158  12:07  Adept x6  
  158  12:08  Adept x2  
  180  12:14  Void Ray (Chrono Boost)  
  190  12:32  Pylon  
  190  12:34  Pylon  
  190  12:47  Pylon  
  190  12:48  Pylon  
  190  12:49  Pylon  
  190  12:51  Pylon x2  
  154  13:13  Adept x5  
  154  13:14  Adept x5  
  138  13:37  Pylon  
  129  13:41  Nexus  
  117  13:58  Nexus  
  117  14:06  Psionic Storm  
  109  14:18  High Templar  
  109  14:19  High Templar x4  
  109  14:20  Warp Prism (Chrono Boost)  
  121  14:28  Stalker x2  
  121  14:29  Stalker  
  127  14:44  Zealot  
  129  14:52  High Templar x3  
  131  14:53  High Templar x3  
  109  15:34  Stalker x4  
  115  15:37  Photon Cannon  
  115  15:39  Zealot  
  117  15:42  Assimilator  
  117  15:44  Assimilator  
  117  15:48  Adept x2  
  117  15:49  Adept x2  
  125  16:00  Observer (Chrono Boost)  
  126  16:06  Assimilator x2  
  106  16:33  Stalker x2  
  106  16:34  Stalker  
  106  16:36  Stalker  
  106  16:37  Zealot x3  
Tags
 
Add a new tag
Caveats
  • Supply blocks, unpowered buildings, or Contaminate may cause inaccurate times.
  • Supply counts are checked every 10 seconds.